 Dungeon Crawl Stone Soup version 0.24-a0-29-g43a6aff (webtiles) character file.

Game seed: 11470210943311352730

648284 Amnesiac the Archmage (level 27, -29/207 HPs)
             Began as a Demonspawn Earth Elementalist on Feb 2, 2019.
             Was the Champion of Vehumet.
             Annihilated by an Orb Guardian (66 damage)
             ... on level 5 of the Realm of Zot.
             The game lasted 02:25:28 (61948 turns).

Amnesiac the Archmage (DsEE)                       Turns: 61948, Time: 02:25:28

Health: -29/207    AC: 13    Str: 18    XL:     27
Magic:  0/43       EV: 23    Int: 32    God:    Vehumet [******]
Gold:   4526       SH:  8    Dex: 15    Spells: 9/80 levels left

rFire    + . .     SeeInvis .   a - staff of earth
rCold    + + .     Gourm    .   W - +3 buckler {rPois}
rNeg     + . .     Faith    .   L - +2 robe {Archmagi}
rPois    +         Spirit   +   C - +2 hat
rElec    +         Reflect  .   r - scarf {Spirit}
rCorr    .         Harm     +   z - +2 pair of gloves {Str+3}
MR       +++..                  (boots unavailable)
Stlth    +++.......             K - amulet of harm
HPRegen  0.44/turn              B - +5 ring of intelligence
MPRegen  0.28/turn              X - ring of Uczitev {+Fly rElec MR+ Str+3}

@: about to teleport, berserk cooldown, slowed, deflect missiles, very slow
A: horns 1, talons 3, molten scales 3, cold resistance 2, demonic guardian 3,
icemail, low mp 2, negative energy resistance 1, poison resistance, 50% torment
resistance, strong 1, wild magic 1, black mark, freezing cloud immunity
}: 3/15 runes: decaying, serpentine, silver
a: Renounce Religion, Evoke Flight


You were on level 5 of the Realm of Zot.
You worshipped Vehumet.
Vehumet was exalted by your worship.
You were not hungry.

You visited 11 branches of the dungeon, and saw 51 of its levels.
You visited 1 bazaar.
You also visited: Ossuary, Ice Cave and Volcano.

You collected 7945 gold pieces.
You spent 3419 gold pieces at shops.

Inventory:

Hand Weapons
 w - the +8 arc blade {discharge, rElec}
   (You found it in an ice cave)

   It insulates you from electricity.
Missiles
 y - 1094 stones (quivered)
Armour
 r - a scarf of spirit shield (worn)
 z - a +2 pair of gloves of strength (worn)
 C - a +2 hat (worn)
 L - a +2 robe of the Archmagi (worn)
 M - a +2 cloak
 W - a +3 buckler of poison resistance (worn)
Magical Staves
 a - an uncursed staff of earth (weapon)
 b - an uncursed staff of conjuration
Jewellery
 B - a +5 ring of intelligence (left hand)
 D - an uncursed ring of protection from fire
 G - the ring "Waqob" {-Tele rN++ Str+4 Slay+3}
   (You took it off a deep elf annihilator on level 3 of the Elven Halls)

   [ring of slaying]

   It affects your strength (+4).
   It affects your accuracy and damage with ranged weapons and melee attacks
   (+3).
   It greatly protects you from negative energy.
   It prevents most forms of teleportation.
 K - an amulet of harm (around neck)
 X - the ring of Uczitev (right hand) {+Fly rElec MR+ Str+3}
   (You found it on level 4 of the Depths)

   [ring of protection from magic]

   It affects your strength (+3).
   It insulates you from electricity.
   It affects your resistance to hostile enchantments.
   It lets you fly.
 Y - an uncursed ring of see invisible
 Z - the ring of Fopsueq {Wiz rPois}
   (You found it on level 3 of the Depths)

   [ring of wizardry]

   It improves your spell success rate.
   It protects you from poison.
Wands
 l - a wand of disintegration (22)
 t - a wand of scattershot (3)
 F - a wand of clouds (10)
 N - a wand of enslavement (25)
 P - a wand of iceblast (58)
 R - a wand of digging (14)
 S - a wand of paralysis (39)
 V - a wand of acid (68)
Scrolls
 f - 17 scrolls of teleportation {!r}
 g - 32 scrolls of remove curse {!r}
 p - 7 scrolls of fear {!r}
 s - 7 scrolls of fog {!r}
 u - 11 scrolls of magic mapping {!r}
 v - 16 scrolls of identify {!r}
 x - 7 scrolls of vulnerability {!r}
 A - 8 scrolls of blinking {!r}
 H - 2 scrolls of enchant armour {!r}
 I - 2 scrolls of torment {!r}
 J - 2 scrolls of silence {!r}
 O - 5 scrolls of summoning {!r}
Potions
 c - 7 potions of cancellation {!q}
 e - 10 potions of heal wounds {!q}
 h - 19 potions of curing {!q}
 i - 10 potions of might {!q}
 j - 12 potions of flight {!q}
 k - 7 potions of haste {!q}
 m - 7 potions of invisibility {!q}
 n - 5 potions of magic {!q}
 o - 5 potions of brilliance {!q}
 q - 9 potions of agility {!q}
 E - 9 potions of resistance {!q}
 Q - 18 potions of mutation {!q}
Comestibles
 d - 51 rations


   Skills:
 - Level 15.0 Fighting
 - Level 12.0 Staves
 - Level 15.0 Dodging
 - Level 4.0 Stealth
 - Level 4.0 Shields
 O Level 27 Spellcasting
 - Level 3.0 Charms
 - Level 0.8 Transmutations
 - Level 3.0 Air Magic
 + Level 25.4 Earth Magic
 - Level 2.0 Evocations


You had 9 spell levels left.
You knew the following spells:

 Your Spells              Type           Power        Failure   Level  Hunger
a - Iron Shot             Conj/Erth      #########.   1%          6    None
b - Passwall              Tmut/Erth      ########     1%          2    None
c - Sandblast             Erth           ######       1%          1    None
d - Lee's Rapid Deconstr  Erth           #########.   1%          5    None
e - Borgnjor's Vile Clut  Necr/Erth      #########.   1%          5    None
f - Shatter               Erth           #########.   1%          9    ####...
g - Stone Arrow           Conj/Erth      ######       1%          3    None
h - Confusing Touch       Hex            ######       1%          1    None
i - Petrify               Tmut/Erth      ########     1%          4    None
j - Summon Butterflies    Summ           ######..     1%          1    None
k - Sublimation of Blood  Necr           ######....   1%          2    None
l - Swiftness             Chrm/Air       #######.     1%          2    None
m - Irradiate             Conj/Tmut      ######....   4%          5    None
n - Ozocubu's Armour      Chrm/Ice       #######.     1%          3    None
r - Regeneration          Chrm/Necr      #######...   1%          3    None
s - Conjure Flame         Conj/Fire      ######..     1%          3    None
v - Blink                 Tloc           N/A          1%          2    None
w - Lehudib's Crystal Sp  Conj/Erth      #########.   7%          8    None
z - Deflect Missiles      Chrm/Air       #######...   32%         6    None

Your spell library contained the following spells:

 Spells                   Type           Power        Failure   Level  Hunger
 Fire Storm               Conj/Fire      ######....   100%        9    ####...
 Glaciate                 Conj/Ice       ######....   100%        9    ####...
 Animate Skeleton         Necr           N/A          1%          1    None
 Beastly Appendage        Tmut           ######       1%          1    None
 Corona                   Hex            ######.      1%          1    None
 Flame Tongue             Conj/Fire      #####        1%          1    None
 Freeze                   Ice            ####         1%          1    None
 Infusion                 Chrm           ####         1%          1    None
 Magic Dart               Conj           ####         1%          1    None
 Pain                     Necr           ####         1%          1    None
 Shock                    Conj/Air       ####         1%          1    None
 Sting                    Conj/Pois      ####         1%          1    None
 Summon Small Mammal      Summ           ####         1%          1    None
 Call Imp                 Summ           ######..     1%          2    None
 Ensorcelled Hibernation  Hex/Ice        ######       1%          2    None
 Poisonous Vapours        Pois/Air       ######       1%          2    None
 Shroud of Golubria       Chrm/Tloc      #######...   1%          2    None
 Slow                     Hex            ######..     1%          2    None
 Song of Slaying          Chrm           #######.     1%          2    None
 Sticks to Snakes         Tmut           #######.     1%          2    None
 Throw Flame              Conj/Fire      ######       1%          2    None
 Throw Frost              Conj/Ice       ######       1%          2    None
 Dazzling Spray           Conj/Hex       ######       1%          3    None
 Ignite Poison            Fire/Tmut/Pois ######..     1%          3    None
 Inner Flame              Hex/Fire       ######..     1%          3    None
 Mephitic Cloud           Conj/Pois/Air  #######.     1%          3    None
 Spectral Weapon          Hex/Chrm       #######.     1%          3    None
 Static Discharge         Conj/Air       #######.     1%          3    None
 Airstrike                Air            #######...   1%          4    None
 Leda's Liquefaction      Hex/Erth       #########.   1%          4    None
 Spider Form              Tmut/Pois      ######....   2%          3    None
 Olgreb's Toxic Radiance  Pois           ######..     2%          4    None
 Sticky Flame             Conj/Fire      ######..     2%          4    None
 Throw Icicle             Conj/Ice       ######..     2%          4    None
 Call Canine Familiar     Summ           ######..     3%          3    None
 Confuse                  Hex            ######..     3%          3    None
 Gell's Gravitas          Tloc           ######....   3%          3    None
 Lesser Beckoning         Tloc           ######....   3%          3    None
 Portal Projectile        Hex/Tloc       ######       3%          3    None
 Summon Guardian Golem    Hex/Summ       ######..     3%          3    None
 Teleport Other           Tloc           ######..     3%          3    None
 Tukima's Dance           Hex            ######..     3%          3    None
 Vampiric Draining        Necr           ######....   3%          3    None
 Lightning Bolt           Conj/Air       #######...   3%          5    None
 Summon Lightning Spire   Summ/Air       #######.     4%          4    None
 Yara's Violent Unravell  Hex/Tmut       ######....   4%          5    None
 Fireball                 Conj/Fire      ######....   5%          5    None
 Venom Bolt               Conj/Pois      ######....   5%          5    None
 Ice Form                 Ice/Tmut       ######..     7%          4    None
 Animate Dead             Necr           N/A          9%          4    None
 Cause Fear               Hex            ######....   9%          4    None
 Passage of Golubria      Tloc           N/A          9%          4    None
 Summon Ice Beast         Ice/Summ       ######..     9%          4    None
 Silence                  Hex/Air        #######...   12%         5    None
 Blade Hands              Tmut           #######...   16%         5    None
 Alistair's Intoxication  Tmut/Pois      ######..     17%         5    None
 Freezing Cloud           Conj/Ice/Air   #######...   17%         6    None
 Metabolic Englaciation   Hex/Ice        ######....   21%         5    None
 Summon Mana Viper        Hex/Summ       ######..     21%         5    None
 Bolt of Cold             Conj/Ice       ######....   26%         6    None
 Ozocubu's Refrigeration  Ice            ######....   26%         6    None
 Darkness                 Hex            ######....   71%         6    None
 Death Channel            Necr           ######....   71%         6    None
 Shadow Creatures         Summ           N/A          71%         6    None
 Simulacrum               Ice/Necr       ######....   71%         6    None
 Spellforged Servitor     Conj/Summ      ######....   75%         7    None
 Ring of Flames           Chrm/Fire      #######...   96%         7    None
 Haunt                    Necr/Summ      ######....   99%         7    None
 Malign Gateway           Summ/Tloc      ######....   99%         7    None
 Monstrous Menagerie      Summ           ######....   99%         7    None
 Summon Greater Demon     Summ           ######....   99%         7    None
 Summon Hydra             Summ           ######....   99%         7    None
 Borgnjor's Revivificati  Necr           ######....   100%        8    None
 Death's Door             Chrm/Necr      #######...   100%        8    None
 Discord                  Hex            ######....   100%        8    None
 Ignition                 Fire           ######....   100%        8    None
 Infestation              Necr           ######....   100%        8    None
 Necromutation            Tmut/Necr      ######....   100%        8    None
 Summon Horrible Things   Summ           ######....   100%        8    None
 Tornado                  Air            #######...   100%        9    ####...


Dungeon Overview and Level Annotations

Branches:
Dungeon (15/15)            Temple (1/1) D:5            Lair (6/6) D:11
  Swamp (4/4) Lair:4        Snake (4/4) Lair:4        Slime (0/5) Lair:5
    Orc (2/2) D:12            Elf (3/3) Orc:2        Vaults (5/5) D:13
  Crypt (1/3) Vaults:2     Depths (5/5) D:15            Zot (5/5) Depths:5

Altars:
Ashenzari
Cheibriados
Dithmenos
Elyvilon
Fedhas
Gozag
Hepliaklqana
Kikubaaqudgha
Makhleb
Nemelex Xobeh
Okawaru
Qazlal
Ru
Sif Muna
Trog
Uskayaw
Vehumet
Wu Jian
Xom
Yredelemnul
Zin
The Shining One
Lugonu

Shops:
D:4 !   D:5 !}=   D:11 *   D:14 (   Orc:1 [*   Orc:2 =:*(   Elf:1 =   Elf:2 =}=
Snake:1 }}   Snake:2 [   Vaults:3 %   Depths:1 (*[   Depths:5 (

Portals:
Hell: Depths:1 Depths:2 Depths:3 Depths:4 Depths:5
Abyss: Depths:4
Pandemonium: Depths:1 Depths:3
Ziggurat: Depths:2

Annotations:
Lair:3 2 transporters, Jegg's ghost, journeyman OpFi
Zot:2 1 transporter


Innate Abilities, Weirdness & Mutations

You have claws for feet.
You are completely covered in molten scales. (AC +4, rF+)
Your flesh is very cold resistant. (rC++)
A powerful demonic guardian rushes to your aid.
A meltable icy envelope protects you from harm. (AC +0)
You resist negative energy. (rN+)
You are somewhat able to resist unholy torments (1 in 2 success).
Your melee attacks may debilitate your foes.
You are immune to freezing clouds.
You have a pair of small horns on your head.
Your magical capacity is very low. (-20% MP)
Your system is resistant to poisons. (rPois)
Your muscles are strong. (Str +2)
Your spells are a little harder to cast, but a little more powerful.


Message History

A red film seems to cover your vision as you go berserk!
You feel yourself moving faster!
You feel mighty!
The wandering mushroom closely misses you.
The deathcap releases spores at you.
You are engulfed in a cloud of spores!
The wandering mushroom releases spores at you!
You are engulfed in a cloud of spores!
You are confused.
The Orb Guardian moves out of view.
Unknown command.
Unknown command.
Unknown command.
Unknown command.
Unknown command.
Unknown command.
You tear a large gash into the net.
The moth of wrath closely misses you.
You struggle against the net.
You feel a strong urge to attack something.
The deathcap releases spores at you.
You are engulfed in a cloud of spores!
You are more confused.
The curse toe calls on the powers of darkness!
The moth of wrath convulses!
You feel a surge of unholy energy.
The Orb Guardian convulses!
The wandering mushroom barely misses you.
The wandering mushroom releases spores at you but does no damage.
The moth of wrath bites you!
You rip the net and break free!
The deathcap's magic leaks into the air.
Send 'em back where they came from!
Your lorocyproca disappears in a puff of smoke!
The wandering mushroom releases spores at you but does no damage.
The wandering mushroom closely misses you.
The deathcap misses you.
You feel your anger nearly subside.
You are too berserk!
You hit the deathcap!
You destroy the deathcap!
You are no longer berserk.
You are exhausted.
You feel yourself slow down. The moth of wrath bites you.
Unknown command.
Unknown command.
Unknown command.
You're too confused!
Unknown command.
Unknown command.
Really quaff
h - 20 potions of curing {!q}?
You feel better.
Really read
f - 18 scrolls of teleportation {!r}?
As you read the scroll of teleportation {!r}, it crumbles to dust.
You feel strangely unstable.
You feel the Orb delaying your translocation!
The orb of fire glows yellow.
Strange energies course through your body.
You feel less energetic.
The curse toe calls on the powers of darkness!
The Orb Guardian convulses!
The moth of wrath convulses!
Your body is wracked with pain!
* * * LOW HITPOINT WARNING * * *
The orb of fire glows red.
You resist. The bolt of fire hits you!!!
* * * LOW HITPOINT WARNING * * *
The moth of wrath goads the Orb Guardian on!
The Orb Guardian goes berserk!
The Orb Guardian hits you!!!
You die...

. ..##▓▓▓▓▓▓▓▓▓▓▓#
...............###
...........##....##
^.......)...###...#######
..(..fzX@....###.........
...^.☼f*z....# ##........
.^...○.y○....# #........
..^......)...# ##.......
.............# #.......
.............# ##.......
............## #........
..^......).## ##........
..^...%...## #........^


You could see an orb of fire, 2 curse toes, an Orb Guardian (berserk), a moth of
wrath and 2 wandering mushrooms.

Vanquished Creatures
  2 ancient liches (Vaults:5)
  2 orbs of fire
  2 juggernauts
  The ghost of Saozew the Slayer, a veteran MiBe of Trog (Depths:4)
  Sojobo (Vaults:4)
  3 Killer Klowns
  2 shard shrikes (Zot:1)
  the Lernaean hydra (Swamp:4)
  4 curse toes
  2 caustic shrikes
  7 golden dragons
  the Enchantress (Depths:1)
  The ghost of Lilu the Eclecticist, a veteran DECj of Vehumet (Depths:4)
  An electric golem (Zot:4)
  Rupert (Lair:5)
  The ghost of Voneppui the Severer, an adept NaGl of Makhleb (Elf:2)
  Asterion (Elf:1)
  9 Orb Guardians (Zot:5)
  4 quicksilver dragons
  5 deep elf blademasters
  4 titans
  16 tentacled monstrosities
  A deep elf master archer (Elf:3)
  The ghost of galech the Blocker, an adept GnFi of Okawaru (Elf:3)
  10 death cobs
  An ancient champion (Vaults:2)
  5 sphinxes
  Frances (Swamp:2)
  2 thorn hunters
  Donald (Elf:1)
  13 storm dragons
  11 shadow dragons
  17 nagarajas
  Roxanne (Elf:1)
  2 draconian monks
  4 tengu reavers
  6 draconian knights
  4 draconian scorchers
  8 deep elf sorcerers
  3 fire giants
  2 iron dragons (Vaults:5)
  24 vault wardens
  4 cacodemons
  20 frost giants
  Louise (Elf:3)
  2 ghost moths
  5 draconian shifters
  4 deep elf elementalists
  11 draconian annihilators
  16 stone giants
  6 draconian stormcallers
  3 spriggan defenders (Depths:1)
  A caustic shrike skeleton (Depths:3)
  2 war gargoyles (Vaults:5)
  7 ironheart preservers
  Nessos (D:15)
  A stone giant (shapeshifter) (D:15)
  24 very ugly things
  7 deep elf demonologists
  5 juggernaut skeletons (Depths:3)
  3 entropy weavers
  15 black draconians
  13 deep elf annihilators
  3 vampire knights
  10 green draconians
  11 white draconians
  14 red draconians
  17 yellow draconians
  7 deep elf death magi
  12 spark wasps
  A merfolk javelineer (Depths:3)
  7 purple draconians
  A crystal guardian (Vaults:4)
  26 ettins
  5 fire dragons
  10 yaktaur captains
  5 deep elf high priests
  A jiangshi (Vaults:2)
  3 catoblepae
  7 great orbs of eyes
  28 vault guards
  5 spriggan air magi
  A shambling mangrove (Swamp:1)
  3 rakshasas
  19 hydras
  9 centaur warriors
  A ghost crab (Swamp:4)
  15 ice dragons
  A death knight (Vaults:3)
  A two-headed ogre (shapeshifter) (Vaults:5)
  12 ogre magi
  28 naga warriors
  An alligator (shapeshifter) (Vaults:5)
  7 anacondas
  48 two-headed ogres
  8 deep troll earth magi
  9 alligators
  4 vampire magi
  22 dancing weapons
  5 tengu warriors
  A queen ant (shapeshifter) (Vaults:5)
  7 deep troll shamans
  An orc high priest (Elf:3)
  4 spriggan berserkers
  12 naga sharpshooters
  4 shock serpents
  25 deep elf knights
  6 iron trolls
  19 hell knights
  5 storm dragon skeletons
  A fire crab (Lair:6)
  A swamp dragon (shapeshifter) (Elf:2)
  21 skeletal warriors
  An unseen horror (shapeshifter) (D:15)
  4 unseen horrors
  4 spriggan druids
  4 wizards
  6 glowing orange brains
  35 deep trolls
  5 naga ritualists
  5 flayed ghosts
  6 swamp dragons (Swamp:4)
  19 deep elf archers
  5 phantasmal warriors (Vaults:5)
  16 ironbrand convokers
  2 golden dragon skeletons (Depths:3)
  An obsidian statue (Depths:5)
  8 necromancers
  2 orb spiders (shapeshifter)
  8 orc knights
  3 oklob plants (Lair:5)
  2 tengu skeletons (Depths:3)
  5 harpies (Vaults:3)
  42 ugly things
  2 human zombies (Vaults:4)
  4 cyclopes
  An orc sorcerer (Orc:2)
  4 wolf spiders
  83 deep elf magi
  5 mana vipers
  A salamander (shapeshifter) (Vaults:5)
  5 manticores
  A salamander (Snake:4)
  10 vault sentinels
  13 naga magi
  8 guardian serpents
  A stone giant skeleton (Vaults:4)
  27 black mambas
  10 apocalypse crabs (Depths:2)
  2 molten gargoyles (Lair:6)
  5 frost giant skeletons (Depths:3)
  A black mamba (shapeshifter) (Vaults:3)
  16 moths of wrath
  Joseph (D:8)
  3 ice statues (IceCv)
  A storm dragon simulacrum (Vaults:4)
  6 gargoyles
  18 spiny frogs
  2 rime drakes
  2 yaktaurs (shapeshifter)
  6 freezing wraiths
  9 komodo dragons
  An efreet (D:15)
  48 yaktaurs
  A tengu conjurer (Depths:2)
  An ice devil (Lair:1)
  8 trolls
  A yaktaur skeleton (Vaults:4)
  3 meliai (D:13)
  3 polar bears
  3 meliai (shapeshifter)
  11 tyrant leeches
  A blink frog (shapeshifter) (Depths:4)
  11 hornets
  10 bog bodies
  3 harpy skeletons (Volcano)
  15 blink frogs
  Prince Ribbit (D:8)
  62 slime creatures
  7 hippogriffs
  A stone giant simulacrum (Vaults:1)
  12 spriggans
  11 flying skulls
  A vampire (D:15)
  5 air elementals
  An alligator skeleton (Volcano)
  A redback (Vaults:2)
  A spriggan (shapeshifter) (Elf:2)
  3 shadows
  4 elf skeletons (Depths:3)
  An ettin skeleton (Depths:3)
  16 large abominations
  A redback (shapeshifter) (Vaults:2)
  A tarantella (shapeshifter) (D:15)
  8 water elementals
  A hog (shapeshifter) (Elf:3)
  A yak (shapeshifter) (Depths:1)
  3 wraiths
  5 wyverns
  19 yaks
  7 basilisks
  A hungry ghost (D:15)
  2 wyverns (shapeshifter)
  3 fire elementals
  2 steam dragons (Lair:6)
  19 vampire mosquitoes
  5 wargs
  16 swamp worms
  18 insubstantial wisps
  56 nagas
  12 soldier ants (Lair:5)
  2 acid dragons
  3 hell hounds (Lair:6)
  12 water moccasins
  12 porcupines
  A human skeleton (Depths:3)
  A porcupine (shapeshifter) (Elf:3)
  A hornet zombie (D:10)
  17 swamp drakes
  10 ice beasts
  2 black bears (shapeshifter)
  21 orc warriors
  An ettin simulacrum (Vaults:4)
  A necrophage (D:9)
  4 sky beasts
  3 black bears
  2 phantoms
  A sky beast (shapeshifter) (Elf:3)
  9 boggarts
  2 eyes of draining (Depths:1)
  7 centaurs
  39 ogres
  2 wolves (Lair:1)
  A boggart (shapeshifter) (Elf:2)
  A centaur (shapeshifter) (Elf:3)
  17 crocodiles
  2 big kobolds
  17 bullfrogs
  A wyvern zombie (D:10)
  2 earth elementals
  4 scorpions
  3 wights (D:15)
  2 killer bees (shapeshifter)
  8 howler monkeys
  5 spriggan skeletons
  5 lava snakes (Lair:6)
  7 crimson imps
  3 bullfrog zombies
  3 centaur zombies
  A quasit (D:6)
  4 jellies
  A centaur skeleton (D:6)
  3 hounds
  3 bullfrog skeletons
  10 orc priests
  29 orc wizards
  Crazy Yiuf (D:5)
  A jelly (shapeshifter) (Elf:2)
  Natasha (thrice) (D:3)
  3 iguanas
  6 hell rats (Lair:5)
  2 worker ants (shapeshifter)
  20 worker ants
  A killer bee zombie (D:8)
  3 naga skeletons (Volcano)
  A hound zombie (D:9)
  A worker ant zombie (D:10)
  A gnoll (shapeshifter) (Elf:2)
  4 gnolls (D:9)
  7 adders
  An adder (shapeshifter) (Elf:3)
  A shadow imp (D:15)
  5 oozes (D:8)
  An adder zombie (D:9)
  An adder skeleton (D:4)
  A worm (D:4)
  2 dart slugs
  6 leopard geckos
  73 orcs
  2 bats (shapeshifter) (Elf:3)
  4 bats
  4 giant cockroaches
  8 goblins
  3 hobgoblins
  8 jackals
  3 quokkas
  2 ball pythons
  A ball python (shapeshifter) (Elf:2)
  5 frilled lizards
  6 hobgoblin zombies (Ossuary)
  11 kobolds
  A kobold (shapeshifter) (Elf:2)
  8 kobold zombies (Ossuary)
  8 orc zombies (Ossuary)
  A quokka zombie (D:7)
  9 rats
  A fire vortex (Depths:2)
  4 fungi
  6 plants (Depths:1)
2195 creatures vanquished.

Vanquished Creatures (collateral kills)
  2 ancient liches (Zot:5)
  An entropy weaver (Lair:5)
  Josephine (Orc:2)
  Harold (D:7)
  2 hydras (Lair:5)
  2 two-headed ogres
  A queen ant (Lair:5)
  A dancing weapon (Elf:2)
  Nergalle (Lair:2)
  A deep elf knight (Elf:2)
  A deep elf archer (Elf:2)
  A deep elf mage (Elf:2)
  2 ugly things (IceCv)
  Maurice (D:10)
  An ice devil (Lair:1)
  2 komodo dragons (Lair:6)
  A troll (D:9)
  A hippogriff (D:9)
  A blink frog (Lair:3)
  6 yaks
  3 wraiths (Orc:2)
  A wyvern (Lair:6)
  2 basilisks (Lair:6)
  A large abomination (Elf:3)
  A water moccasin (Lair:1)
  2 orc warriors (D:6)
  An ice beast (D:8)
  An eye of draining (D:11)
  A phantom (D:5)
  3 ogres
  A crocodile (Lair:6)
  3 elf zombies (Ossuary)
  A bullfrog (shapeshifter) (Elf:2)
  A bullfrog (Lair:1)
  A centaur zombie (Ossuary)
  An orc priest (D:6)
  2 human zombies (Ossuary)
  3 orc wizards
  4 worker ants
  A hell rat (Lair:5)
  2 big kobold zombies (Ossuary)
  2 mummies (Ossuary)
  2 adder zombies (Ossuary)
  A leopard gecko (D:6)
  4 orcs
  3 kobold zombies (Ossuary)
  A rat zombie (Ossuary)
79 creatures vanquished.

Vanquished Creatures (others)
  2 spark wasps (Depths:5)
  A deep elf death mage (Elf:2)
  A lindwurm (Lair:6)
  4 deep elf magi (Elf:2)
  A moth of wrath (Zot:1)
  2 water elementals (Elf:2)
  A fire elemental (Elf:2)
  An orc (D:15)
  7 fungi
  15 plants
35 creatures vanquished.

Grand Total: 2309 creatures vanquished

Notes
Turn   | Place    | Note
-------+----------+-------------------------------------------
     0 | D:1      | Amnesiac the Demonspawn Earth Elementalist began the quest
                  | for the Orb.
     0 | D:1      | Reached XP level 1. HP: 13/13 MP: 3/3
   847 | D:1      | Gained mutation: You are partially covered in molten
                  | scales. (AC +2) [demonic ancestry]
   847 | D:1      | Reached XP level 2. HP: 10/19 MP: 0/5
  1116 | D:2      | Learned a level 2 spell: Passwall
  1295 | D:2      | Found a white marble altar of Elyvilon.
  1298 | D:2      | Found a blossoming altar of Fedhas.
  1535 | D:2      | Gained mutation: A weak demonic guardian rushes to your
                  | aid. [demonic ancestry]
  1535 | D:2      | Reached XP level 3. HP: 21/24 MP: 2/6
  1656 | D:4      | Found a sand-covered staircase.
  1690 | Ossuary  | Entered an ossuary
  2611 | Ossuary  | Gained mutation: A demonic guardian rushes to your aid.
                  | [demonic ancestry]
  2611 | Ossuary  | Reached XP level 4. HP: 7/30 MP: 2/8
  2627 | Ossuary  | Reached skill level 3 in Spellcasting
  2627 | Ossuary  | Reached XP level 5. HP: 11/35 MP: 1/9
  2818 | Ossuary  | Reached skill level 5 in Earth Magic
  2837 | Ossuary  | Reached XP level 6. HP: 25/41 MP: 11/11
  3313 | D:4      | Reached skill level 4 in Spellcasting
  3604 | D:4      | Learned a level 2 spell: Swiftness
  3610 | D:4      | Learned a level 5 spell: Lee's Rapid Deconstruction
  3624 | D:4      | Noticed a fire elemental
  3626 | D:4      | Found a stormy altar of Qazlal.
  3626 | D:4      | Noticed Natasha
  3627 | D:4      | Noticed an air elemental
  3627 | D:4      | Noticed a water elemental
  3672 | D:3      | Killed Natasha
  3704 | D:3      | Noticed Natasha
  4045 | D:4      | Found Jeomuota's Distillery.
  4054 | D:4      | Bought a potion of heal wounds for 55 gold pieces
  4054 | D:4      | Bought a potion of flight for 33 gold pieces
  4245 | D:4      | Learned a level 3 spell: Stone Arrow
  4340 | D:4      | Gained mutation: Your flesh is cold resistant. (rC+)
                  | [demonic ancestry]
  4340 | D:4      | Reached XP level 7. HP: 41/46 MP: 0/13
  4519 | D:5      | Entered Level 5 of the Dungeon
  4519 | D:5      | Found Yfaptumn's Distillery.
  4543 | D:4      | Bought a potion of agility for 44 gold pieces
  4714 | D:5      | Found a runed translucent door.
  4717 | D:5      | Noticed Crazy Yiuf
  4783 | D:5      | Found Vanud's Jewellery Boutique.
  4811 | D:5      | Found a staircase to the Ecumenical Temple.
  4820 | Temple   | Entered the Ecumenical Temple
  4828 | Temple   | Became a worshipper of Vehumet
  4936 | D:3      | Killed Natasha
  4988 | D:3      | Noticed Natasha
  4991 | D:3      | Killed Natasha
  6551 | D:5      | Reached skill level 5 in Spellcasting
  6722 | D:5      | Reached XP level 8. HP: 45/52 MP: 5/15
  6917 | D:5      | Found Cikhego's Gadget Shop.
  7058 | D:5      | Killed Crazy Yiuf
  7237 | D:6      | Reached * piety under Vehumet
  7237 | D:6      | Offered knowledge of Freeze by Vehumet.
  7656 | D:6      | Reached skill level 6 in Spellcasting
  8371 | D:7      | Found an iron altar of Okawaru.
  8455 | D:7      | Found a white marble altar of Elyvilon.
  8606 | D:7      | Noticed Harold
  8721 | D:7      | Killed Harold
  8721 | D:7      | Gained mutation: You are mostly covered in molten scales.
                  | (AC +3) [demonic ancestry]
  8721 | D:7      | Reached XP level 9. HP: 57/57 MP: 17/19
  9367 | D:8      | Noticed Joseph
  9377 | D:8      | Killed Joseph
  9377 | D:8      | Reached skill level 7 in Spellcasting
  9377 | D:8      | Reached skill level 10 in Earth Magic
  9467 | D:8      | Offered knowledge of Sting by Vehumet.
  9490 | D:8      | Reached ** piety under Vehumet
  9530 | D:8      | Noticed Prince Ribbit
  9547 | D:8      | Killed Prince Ribbit
 10279 | D:9      | Reached XP level 10. HP: 63/63 MP: 13/21
 10342 | D:9      | Offered knowledge of Throw Frost by Vehumet.
 10342 | D:9      | Reached skill level 8 in Spellcasting
 10437 | D:9      | Reached skill level 1 in Shields
 10501 | D:9      | Reached *** piety under Vehumet
 11130 | D:10     | Entered Level 10 of the Dungeon
 11133 | D:10     | Offered knowledge of Iskenderun's Mystic Blast by Vehumet.
 11201 | D:10     | Noticed Maurice
 11204 | D:10     | Killed Maurice
 11312 | D:10     | Noticed a two-headed ogre
 11317 | D:10     | Killed a two-headed ogre
 11549 | D:10     | Reached **** piety under Vehumet
 11648 | D:10     | Learned a level 4 spell: Petrify
 11719 | D:10     | Noticed a two-headed ogre
 11728 | D:10     | Killed a two-headed ogre
 11941 | D:10     | Noticed a four-headed hydra
 11945 | D:10     | Killed a four-headed hydra
 11945 | D:10     | Offered knowledge of Bolt of Magma by Vehumet.
 12021 | D:10     | Learned a level 5 spell: Bolt of Magma
 12043 | D:11     | Reached skill level 9 in Spellcasting
 12043 | D:11     | Gained mutation: You are completely covered in molten
                  | scales. (AC +4, rF+) [demonic ancestry]
 12043 | D:11     | Reached XP level 11. HP: 68/68 MP: 6/24
 12214 | D:11     | Found Panenn's General Store.
 12259 | D:11     | Found a staircase to the Lair.
 13052 | D:4      | Bought a potion of mutation for 88 gold pieces
 13052 | D:4      | Bought a potion of haste for 110 gold pieces
 13052 | D:4      | Bought a potion of berserk rage for 55 gold pieces
 13080 | D:5      | Bought a wand of digging (5) for 198 gold pieces
 13080 | D:5      | Bought a wand of paralysis (10) for 132 gold pieces
 13080 | D:5      | Bought a wand of random effects (15) for 93 gold pieces
 13234 | Lair:1   | Entered Level 1 of the Lair of Beasts
 13705 | Lair:2   | Noticed Nergalle
 13711 | Lair:2   | Killed Nergalle
 13772 | Lair:1   | Found a frozen archway.
 13784 | Lair:1   | Reached ***** piety under Vehumet
 13784 | Lair:1   | Reached skill level 10 in Spellcasting
 13858 | IceCv    | Entered an ice cave
 13860 | IceCv    | Offered knowledge of Iron Shot by Vehumet.
 13873 | IceCv    | Learned a level 6 spell: Iron Shot
 13918 | IceCv    | Noticed a white ugly thing
 13930 | IceCv    | Killed a white ugly thing
 14034 | IceCv    | Noticed a white ugly thing
 14035 | IceCv    | Killed a white ugly thing
 14068 | IceCv    | Found the +8 arc blade {discharge, rElec}
 14089 | IceCv    | Identified the Compendium of Ensnaring Envenoming
 14348 | Lair:1   | Reached XP level 12. HP: 74/74 MP: 16/26
 15478 | Lair:3   | Found a transporter.
 15485 | Lair:3   | Noticed Jegg's ghost (journeyman OpFi)
 15486 | Lair:3   | Noticed a six-headed hydra
 15489 | Lair:3   | Found a transporter.
 15555 | Lair:3   | Found a dark tunnel.
 15560 | Volcano  | Entered a volcano
 15640 | Volcano  | Reached skill level 11 in Spellcasting
 15888 | Volcano  | Reached skill level 15 in Earth Magic
 16785 | Lair:3   | Identified the Catalogue of the Cankerous Snowflakes
 17186 | Lair:4   | Found a staircase to the Swamp.
 17395 | Lair:4   | Gained mutation: You are immune to freezing clouds.
                  | [demonic ancestry]
 17395 | Lair:4   | Reached XP level 13. HP: 79/79 MP: 26/28
 17496 | Lair:4   | Found a staircase to the Snake Pit.
 17553 | Lair:4   | You fall through a shaft!
 17582 | Lair:5   | Offered knowledge of Throw Icicle by Vehumet.
 17606 | Lair:5   | Noticed an entropy weaver
 17608 | Lair:5   | Noticed Rupert
 17636 | Lair:5   | Killed an entropy weaver
 17785 | Lair:5   | Killed Rupert
 17785 | Lair:5   | Reached skill level 12 in Spellcasting
 17955 | Lair:5   | Learned a level 1 spell: Confusing Touch
 17959 | Lair:5   | Learned a level 3 spell: Conjure Flame
 17978 | Lair:5   | Found a white marble altar of Elyvilon.
 18236 | Lair:4   | Got a pair of translucent boots
 18824 | Lair:5   | Noticed an entropy weaver
 18833 | Lair:5   | Killed an entropy weaver
 19325 | Lair:5   | Found a staircase to the Slime Pits.
 19460 | Lair:6   | Entered Level 6 of the Lair of Beasts
 19607 | Lair:6   | Identified the cursed +0 pair of boots of Refuge {rPois}
                  | (You found it on level 4 of the Lair of Beasts)
 19608 | Lair:6   | Identified a scroll of acquirement {!r}
 19674 | Lair:6   | Offered knowledge of Fireball by Vehumet.
 20123 | Lair:6   | Gained mutation: You have sharp toenails. [demonic
                  | ancestry]
 20123 | Lair:6   | Reached XP level 14. HP: 85/85 MP: 28/30
 20241 | Lair:6   | Found a large runed translucent door.
 20242 | Lair:6   | Found a large runed translucent door.
 21000 | D:12     | Found a staircase to the Orcish Mines.
 21193 | D:12     | Found a burning altar of Makhleb.
 21339 | D:12     | Reached skill level 13 in Spellcasting
 21895 | Orc:1    | Entered Level 1 of the Orcish Mines
 21903 | Orc:1    | Found Uthessin's Mayhem Merchandise.
 21915 | Orc:1    | Found Ikuemapp's Antique Armour Shop.
 22054 | Orc:1    | Bought a shiny buckler for 247 gold pieces
 22247 | Orc:2    | Entered Level 2 of the Orcish Mines
 22254 | Orc:1    | Offered knowledge of Iskenderun's Battlesphere by Vehumet.
 22753 | Orc:2    | Noticed Josephine
 22760 | Orc:2    | Killed Josephine
 22843 | Orc:2    | Found Resiffai's Jewellery Shoppe.
 22843 | Orc:2    | Found Awos's General Store.
 22844 | Orc:2    | Found Yhe Qitt's Book Boutique.
 22844 | Orc:2    | Found Qanil's Weapon Emporium.
 23286 | Orc:2    | Found a staircase to the Elven Halls.
 23480 | Elf:1    | Entered Level 1 of the Elven Halls
 23527 | Elf:1    | Found Vaj Jomm's Jewellery Emporium.
 23582 | Elf:1    | Noticed Donald
 23585 | Elf:1    | Killed Donald
 23585 | Elf:1    | Gained mutation: You have razor-sharp toenails. [demonic
                  | ancestry]
 23585 | Elf:1    | Reached XP level 15. HP: 90/90 MP: 17/32
 23787 | Elf:1    | Reached skill level 14 in Spellcasting
 23896 | Elf:1    | Noticed Roxanne
 23899 | Elf:1    | Killed Roxanne
 23923 | Elf:1    | Got a faintly glowing leather armour
 23930 | Elf:1    | Learned a level 5 spell: Borgnjor's Vile Clutch
 23959 | Elf:1    | Identified the +0 leather armour of Xabbun {rC+ rN+ MR+
                  | Int-4} (You found it on level 1 of the Elven Halls)
 24020 | Elf:1    | Offered knowledge of Ozocubu's Refrigeration by Vehumet.
 24291 | Elf:1    | Noticed Asterion
 24310 | Elf:1    | Killed Asterion
 24570 | Elf:2    | Found Lupt's Gadget Boutique.
 24576 | Elf:2    | Found Zituotuc's Jewellery Shoppe.
 24812 | Elf:2    | Found a flickering gateway to a bazaar.
 24827 | Bazaar   | Entered a bazaar
 24861 | Bazaar   | Found Taqeluta's Antique Armour Shoppe.
 24861 | Bazaar   | Found Qipat's Assorted Antiques.
 24882 | Bazaar   | Found Fahoz's Jewellery Shoppe.
 24882 | Bazaar   | Found Umuist's Book Emporium.
 24928 | Bazaar   | Bought a book of the Tempests for 630 gold pieces
 24976 | Elf:2    | HP: 2/90 [deep elf archer/arrow (28)]
 25298 | Elf:2    | Found Ymomoaq's Jewellery Shoppe.
 25329 | Elf:2    | Bought the ring "Kompum" {+Inv rN+ Dex+9} for 1058 gold
                  | pieces
 25627 | Lair:3   | Learned a level 9 spell: Shatter
 26131 | Elf:2    | Found a runed translucent gate.
 26131 | Elf:2    | Found a runed translucent gate.
 26380 | Elf:2    | Found a huge runed translucent gate.
 26380 | Elf:2    | Found a huge runed translucent gate.
 26381 | Elf:2    | Found a huge runed translucent gate.
 26383 | Elf:2    | Found a huge runed translucent gate.
 26386 | Elf:2    | Found a huge runed translucent gate.
 26547 | Elf:2    | Found a runed translucent gate.
 26547 | Elf:2    | Noticed a tentacled monstrosity
 26549 | Elf:2    | Noticed a tentacled monstrosity
 26658 | Elf:2    | Killed a tentacled monstrosity
 26658 | Elf:2    | Gained mutation: You resist negative energy. (rN+) [demonic
                  | ancestry]
 26658 | Elf:2    | Reached XP level 16. HP: 96/96 MP: 34/34
 26658 | Elf:2    | Reached skill level 15 in Spellcasting
 26659 | Elf:2    | Killed a tentacled monstrosity
 26660 | Elf:2    | Noticed a tentacled monstrosity
 26663 | Elf:2    | Killed a tentacled monstrosity
 26665 | Elf:2    | Noticed a tentacled monstrosity
 26668 | Elf:2    | Killed a tentacled monstrosity
 26818 | Elf:2    | Found a runed translucent gate.
 26818 | Elf:2    | Found a runed translucent gate.
 26824 | Elf:2    | Found a runed translucent gate.
 26824 | Elf:2    | Noticed Voneppui's ghost (adept NaGl)
 26914 | Elf:2    | Killed Voneppui's ghost
 27240 | Elf:2    | Got an ichor-stained robe
 27264 | Elf:2    | Gained mutation: Potions are less effective at restoring
                  | your health. [mutagenic glow]
 27318 | Elf:2    | Gained mutation: You tend to lose your temper in combat.
                  | [mutagenic glow]
 27358 | Elf:2    | Lost mutation: You tend to lose your temper in combat.
                  | [potion of mutation]
 27358 | Elf:2    | Lost mutation: Potions are less effective at restoring your
                  | health. [potion of mutation]
 27358 | Elf:2    | Gained mutation: Potions are less effective at restoring
                  | your health. [potion of mutation]
 27358 | Elf:2    | Gained mutation: You have a pair of small horns on your
                  | head. [potion of mutation]
 27369 | Elf:2    | Identified the cursed +0 robe "Meochu" {+Inv rC- Str+6
                  | Stlth+} (You found it on level 2 of the Elven Halls)
 27381 | Elf:2    | Reached XP level 17. HP: 101/101 MP: 36/36
 27382 | Elf:2    | Lost mutation: You have a pair of small horns on your head.
                  | [potion of mutation]
 27382 | Elf:2    | Lost mutation: Potions are less effective at restoring your
                  | health. [potion of mutation]
 27382 | Elf:2    | Gained mutation: Potions are less effective at restoring
                  | your health. [potion of mutation]
 27382 | Elf:2    | Gained mutation: You are somewhat resistant to further
                  | mutation. [potion of mutation]
 27383 | Elf:2    | Lost mutation: You are somewhat resistant to further
                  | mutation. [potion of mutation]
 27383 | Elf:2    | Lost mutation: Potions are less effective at restoring your
                  | health. [potion of mutation]
 27383 | Elf:2    | Gained mutation: Your system is resistant to poisons.
                  | (rPois) [potion of mutation]
 27383 | Elf:2    | Gained mutation: Your muscles are strong. (Str +2) [potion
                  | of mutation]
 27383 | Elf:2    | Gained mutation: Your flesh is very cold resistant. (rC++)
                  | [potion of mutation]
 27383 | Elf:2    | Gained mutation: Your spells are a little harder to cast,
                  | but a little more powerful. [potion of mutation]
 27459 | Elf:2    | Offered knowledge of Orb of Destruction by Vehumet.
 27474 | Elf:2    | Noticed a deep elf blademaster
 27475 | Elf:2    | Killed a deep elf blademaster
 27773 | Elf:2    | Reached ****** piety under Vehumet
 28256 | Elf:3    | Identified a paperback manual
 28256 | Elf:3    | Entered Level 3 of the Elven Halls
 28256 | Elf:3    | Noticed Louise
 28260 | Elf:3    | Killed Louise
 28435 | Elf:3    | Reached skill level 16 in Spellcasting
 28966 | Elf:3    | Reached XP level 18. HP: 103/107 MP: 4/38
 29106 | Elf:3    | Reached skill level 17 in Spellcasting
 29125 | Elf:3    | Identified the +5 glaive of Instant Death {freeze, rC- MR++
                  | Int+5}
 29125 | Elf:3    | Identified the ring of Qanuzal {AC+2 Str+4 Int+3}
 29206 | Elf:3    | Identified the +8 chain mail of the King {*Contam rElec rC+
                  | Dex+7}
 29206 | Elf:3    | Identified the ring "Lisioxoph" {rPois rN+ Str+3 Stlth+}
 29208 | Elf:3    | Reached skill level 1 in Fighting
 29210 | Elf:3    | Noticed a Tzitzimitl
 29212 | Elf:3    | Identified the ring "Waqob" {-Tele rN++ Str+4 Slay+3}
 29213 | Elf:3    | Identified the +1 scythe "Foibis" {venom, rPois}
 29215 | Elf:3    | Reached skill level 5 in Dodging
 29215 | Elf:3    | HP: 3/120 [deep elf blademaster/+0 rapier (7)]
 29216 | Elf:3    | Reached skill level 5 in Fighting
 29671 | Elf:3    | Identified Noll's Incunabulum of Calling and Evil
 29711 | Elf:3    | Got a steaming flail
 29718 | Elf:3    | Got an ancient lead amulet
 30052 | Elf:3    | Found a runed translucent gate.
 30052 | Elf:3    | Found a runed translucent gate.
 30052 | Elf:3    | Found a runed translucent gate.
 30055 | Elf:3    | Noticed a tentacled monstrosity
 30079 | Elf:3    | Killed a tentacled monstrosity
 30080 | Elf:3    | Noticed a tentacled monstrosity
 30089 | Elf:3    | Killed a tentacled monstrosity
 30093 | Elf:3    | Found a runed translucent gate.
 30093 | Elf:3    | Found a runed translucent gate.
 30095 | Elf:3    | Noticed galech's ghost (adept GnFi)
 30096 | Elf:3    | Found a runed translucent gate.
 30215 | Elf:3    | Offered knowledge of Conjure Ball Lightning by Vehumet.
 30220 | Elf:3    | Killed galech's ghost
 30228 | Elf:3    | Got a dull robe
 30334 | Elf:3    | Gained mutation: You have a pair of small horns on your
                  | head. [mutagenic glow]
 30475 | Elf:3    | Identified the +0 robe of Zofreec {Dex+2} (You found it on
                  | level 3 of the Elven Halls)
 30737 | Snake:1  | Entered Level 1 of the Snake Pit
 31367 | Snake:1  | Found Orchurph's Gadget Emporium.
 31384 | Snake:1  | Found Wedes's Gadget Shoppe.
 31963 | Snake:2  | Found Seumoleu's Antique Armour Shop.
 31964 | Snake:2  | Identified the amulet "Fakhlai" {Inacc MR+} (You found it
                  | on level 3 of the Elven Halls)
 32453 | Snake:3  | Offered knowledge of Lehudib's Crystal Spear by Vehumet.
 32453 | Snake:3  | Offered knowledge of Fire Storm by Vehumet.
 32453 | Snake:3  | Offered knowledge of Glaciate by Vehumet.
 32941 | Snake:4  | Entered Level 4 of the Snake Pit
 32944 | Snake:4  | Gained mutation: You have claws for feet. [demonic
                  | ancestry]
 32944 | Snake:4  | Reached XP level 19. HP: 133/133 MP: 31/40
 32953 | Snake:4  | Reached skill level 10 in Dodging
 32977 | Snake:4  | Got a serpentine rune of Zot
 33445 | Snake:4  | Identified the +10 great sword of the Magic Mushroom
                  | {antimagic, rN+ Str+4}
 33843 | Snake:4  | Identified the +3 battleaxe "Pawiummuuni" {freeze, rPois}
 33843 | Snake:4  | Reached skill level 10 in Fighting
 34261 | Swamp:1  | Entered Level 1 of the Swamp
 34553 | Swamp:1  | Reached XP level 20. HP: 145/152 MP: 25/41
 35308 | Swamp:2  | Got a shimmering hand axe
 35544 | Swamp:2  | Noticed Frances
 35548 | Swamp:2  | Killed Frances
 36049 | Swamp:3  | Identified the +5 hand axe "Ycluw" {venom, *Rage rF+ Str+4}
                  | (You found it on level 2 of the Swamp)
 36743 | Swamp:4  | Entered Level 4 of the Swamp
 37468 | Swamp:4  | Noticed the 27-headed Lernaean hydra
 37470 | Swamp:4  | Killed the 27-headed Lernaean hydra
 37721 | Swamp:4  | Got a decaying rune of Zot
 38311 | D:13     | Found a gate to the Vaults.
 39315 | D:14     | Found a snail-covered altar of Cheibriados.
 39453 | D:14     | Found Zajas's Antique Weapon Emporium.
 39582 | D:14     | Got a smoking long sword
 39804 | D:15     | Entered Level 15 of the Dungeon
 40021 | D:15     | Noticed Nessos
 40022 | D:15     | Killed Nessos
 40296 | D:15     | Reached skill level 15 in Dodging
 40665 | D:15     | Found a staircase to the Depths.
 40687 | Depths:1 | Entered Level 1 of the Depths
 40758 | Depths:1 | Found a one-way gate leading to the halls of Pandemonium.
 40758 | Depths:1 | Found a gateway to Hell.
 40769 | Depths:1 | Found Rumenwon's Antique Weapon Shoppe.
 40771 | Depths:1 | Found Etroxol's Assorted Antiques.
 40773 | Depths:1 | Found Ketostyq's Armour Shoppe.
 40864 | Depths:1 | Bought a pair of embroidered gloves for 330 gold pieces
 40877 | Depths:1 | Bought a +1 pair of gloves of strength for 346 gold pieces
 41407 | Depths:1 | Reached skill level 18 in Spellcasting
 41587 | Depths:1 | Gained mutation: You are somewhat able to resist unholy
                  | torments (1 in 2 success). [demonic ancestry]
 41587 | Depths:1 | Reached XP level 21. HP: 81/159 MP: 33/43
 42075 | Depths:1 | Got a transparent shortbow
 42196 | Depths:1 | Identified the +6 faerie dragon scales {rPois rF+++ rCorr
                  | MP+9 Dex-5}
 42196 | Depths:1 | Noticed the Enchantress
 42201 | Depths:1 | Killed the Enchantress
 42635 | Depths:2 | Reached skill level 19 in Spellcasting
 42764 | Vaults:1 | Entered Level 1 of the Vaults
 43347 | Vaults:1 | Reached skill level 20 in Spellcasting
 44381 | Vaults:2 | Found a staircase to the Crypt.
 44685 | Vaults:2 | Reached XP level 22. HP: 153/167 MP: 8/46
 45235 | Crypt:1  | Entered Level 1 of the Crypt
 45602 | Vaults:3 | Identified the +1 chain mail "Haeb" {Slay+4}
 45605 | Vaults:3 | Reached skill level 21 in Spellcasting
 46262 | Vaults:3 | Found Qoxup's Food Shop.
 47327 | Vaults:4 | Noticed Sojobo
 47336 | Vaults:4 | Killed Sojobo
 47513 | Vaults:4 | Reached skill level 22 in Spellcasting
 47775 | Vaults:4 | Reached XP level 23. HP: 179/179 MP: 49/49
 47943 | Vaults:5 | Entered Level 5 of the Vaults
 47979 | Vaults:5 | Reached skill level 15 in Fighting
 47984 | Vaults:5 | Noticed an ancient lich
 47984 | Vaults:5 | Noticed an ancient lich
 47985 | Vaults:5 | Killed an ancient lich
 47985 | Vaults:5 | Killed an ancient lich
 47988 | Vaults:5 | Reached skill level 23 in Spellcasting
 48006 | Vaults:5 | Identified the cursed +1 robe of Supple Strength {rElec
                  | rPois Str+4}
 48559 | Vaults:5 | Found the +7 Kryia's mail coat {PotionHeal*2 rC+}
 48582 | Vaults:5 | Got a brightly glowing brass amulet
 48606 | Vaults:5 | Identified the amulet "Lefuc" {Reflect Str+7 Dex+3 SH+4}
                  | (You found it on level 5 of the Vaults)
 48698 | Vaults:5 | Got a silver rune of Zot
 48777 | Vaults:5 | Learned a level 2 spell: Blink
 48781 | Vaults:5 | Learned a level 3 spell: Regeneration
 48783 | Vaults:5 | Learned a level 1 spell: Summon Butterflies
 48786 | Vaults:5 | Learned a level 2 spell: Sublimation of Blood
 48793 | Vaults:5 | Learned a level 6 spell: Deflect Missiles
 48802 | Vaults:5 | Learned a level 8 spell: Lehudib's Crystal Spear
 49080 | Vaults:5 | Reached skill level 24 in Spellcasting
 49196 | Vaults:5 | Got a smoking scale mail
 49675 | Depths:2 | Reached XP level 24. HP: 188/188 MP: 44/51
 50069 | Depths:2 | Found a gateway to a ziggurat.
 50252 | Depths:2 | Got a bloodstained short sword
 50255 | Depths:2 | Got a fine leather armour
 50266 | Depths:2 | Identified the +1 leather armour of Shadows and Fog {rPois
                  | Str+2 Dex-5} (You found it on level 2 of the Depths)
 50279 | Depths:2 | Identified the +7 short sword "Ytuwoy" {pierce, rElec rN+
                  | Str-3 Int+4} (You found it on level 2 of the Depths)
 50568 | Depths:3 | Reached skill level 1 in Evocations
 50894 | Depths:3 | Reached skill level 25 in Spellcasting
 51220 | Depths:3 | Got a pitted bronze amulet
 51227 | Depths:3 | Got a translucent lead ring
 51415 | Depths:3 | Found a snail-covered altar of Cheibriados.
 51623 | Depths:3 | Identified Tuso's Volume of Helpful Snow
 51700 | Depths:3 | Identified the ring of Fopsueq {Wiz rPois} (You found it on
                  | level 3 of the Depths)
 51702 | Depths:3 | Identified the amulet "Piurchasey" {Spirit rElec rPois rC-
                  | SInv} (You took it off a skeletal warrior on level 3 of the
                  | Depths)
 51990 | Depths:3 | Found a sacrificial altar of Ru.
 52991 | Depths:4 | Identified the ring "Igarpheloq" {rC- MR- EV+6 Str+9 SInv}
 53042 | Depths:4 | Found a one-way gate to the infinite horrors of the Abyss.
 53043 | Depths:4 | Found a corrupted altar of Lugonu.
 53059 | Depths:4 | Reached skill level 26 in Spellcasting
 53064 | Depths:4 | Got a bound steel ring
 53065 | Depths:4 | Gained mutation: Your melee attacks may debilitate your
                  | foes. [demonic ancestry]
 53065 | Depths:4 | Reached XP level 25. HP: 194/194 MP: 51/53
 53068 | Depths:4 | Identified the ring of Uczitev {+Fly rElec MR+ Str+3} (You
                  | found it on level 4 of the Depths)
 53257 | Depths:4 | Found a glowing golden altar of the Shining One.
 53336 | Depths:4 | Found a runed translucent door.
 53336 | Depths:4 | Noticed Lilu's ghost (veteran DECj)
 53347 | Depths:4 | Killed Lilu's ghost
 53356 | Depths:4 | Got a transparent war axe
 53358 | Depths:4 | Identified the +11 war axe "Ybon" {chop, Int+6} (You found
                  | it on level 4 of the Depths)
 53374 | Depths:4 | Noticed a juggernaut
 53380 | Depths:4 | Killed a juggernaut
 53569 | Depths:5 | Entered Level 5 of the Depths
 53571 | Depths:5 | Found a gate to the Realm of Zot.
 53572 | Depths:5 | Noticed a juggernaut
 53575 | Depths:5 | Killed a juggernaut
 53875 | Depths:5 | Found Noapn's Weapon Shop.
 53979 | Depths:5 | Reached skill level 27 in Spellcasting
 54007 | Depths:5 | Reached skill level 1 in Staves
 54030 | Depths:5 | Found a runed translucent gate.
 54030 | Depths:5 | Found a runed translucent gate.
 54030 | Depths:5 | Found a runed translucent gate.
 54031 | Depths:5 | Noticed Saozew's ghost (veteran MiBe)
 54032 | Depths:5 | Found an opulent altar of Gozag.
 54046 | Depths:5 | Reached skill level 1 in Charms
 54046 | Depths:5 | Reached skill level 1 in Air Magic
 54107 | Depths:4 | Killed Saozew's ghost
 54314 | Depths:5 | Reached skill level 5 in Staves
 54671 | Depths:5 | Paralysed by a sphinx for 2 turns
 54806 | Depths:5 | Got a twisted arbalest
 54918 | Zot:1    | Entered Level 1 of the Realm of Zot
 55428 | Zot:1    | Reached skill level 10 in Staves
 55758 | Zot:1    | Learned a level 5 spell: Irradiate
 55762 | Zot:1    | Learned a level 3 spell: Ozocubu's Armour
 55939 | Zot:1    | Gained mutation: A meltable icy envelope protects you from
                  | harm. (AC +0) [demonic ancestry]
 55939 | Zot:1    | Reached XP level 26. HP: 201/201 MP: 21/54
 56770 | Zot:2    | Found the +0 mask of the Dragon {MR+ Slay+3 SInv}
 57057 | Zot:2    | Found a transporter.
 58096 | Zot:3    | Noticed an orb of fire
 58096 | Zot:3    | Gained mutation: Your magical capacity is low. (-10% MP)
                  | [an orb of fire]
 58102 | Zot:3    | Killed an orb of fire
 59760 | Zot:4    | Gained mutation: A powerful demonic guardian rushes to your
                  | aid. [demonic ancestry]
 59760 | Zot:4    | Reached XP level 27. HP: 207/207 MP: 35/48
 61285 | Zot:5    | Entered Level 5 of the Realm of Zot
 61782 | Zot:5    | Noticed an ancient lich
 61787 | Zot:5    | Killed an ancient lich
 61793 | Zot:5    | Noticed an ancient lich
 61800 | Zot:5    | Killed an ancient lich
 61801 | Zot:5    | Noticed an orb of fire
 61809 | Zot:5    | Killed an orb of fire
 61939 | Zot:5    | Noticed an orb of fire
 61948 | Zot:5    | Gained mutation: Your magical capacity is very low. (-20%
                  | MP) [an orb of fire]
 61948 | Zot:5    | Annihilated by an Orb Guardian

Vault maps used:
D:1:      saegor_arrival_simple_e
D:2:      minitemple, chequers_serial_rivers_small_3
D:3:      first_ration
D:4:      nicolae_qazlal_style_of_elements, serial_shops, shop_fountains,
          enter_ossuary_5, uniq_natasha
D:5:      minmay_temple_entry_grid, serial_shops, shop, shop,
          nicolae_shop_trees, uniq_crazy_yiuf_cottage
D:6:      grunt_decor_mini_mirrors
D:7:      okawaru_metal_pillars_1_2, elyvilon_altar_1, uniq_harold
D:8:      hangedman_little_slice_of_home, uniq_joseph, uniq_prince_ribbit1
D:10:     kennysheep_generic_room_13, uniq_maurice
D:11:     due_lair_maze_entry_diamond, serial_shops, shop_coins
D:12:     orc_0_dummy, basic_altar
D:13:     nzn_motion_control, david_vaults_2, small_statue_alley_a
D:14:     basic_altar, serial_corexii_hall, corexii_hall_statues_u,
          chequers_hall_statues_wall_a, serial_shops, kennysheep_little_box,
          minivault_22, hangedman_abyss_or_decor_lesser_grid
D:15:     hangedman_depths_entry_try_elsewhere_first, skrybe_limestone_x,
          uniq_nessos
Temple:   nicolae_temple_no_exploring_needed
Lair:1:   portal_ice_cave_demonic_guard, chequers_serial_rivers_small_3,
          beast_lair_carwin_6, infiniplex_staircase_pool_2
Lair:2:   grunt_forest_large_clearing_hut, uniq_nergalle
Lair:3:   gammafunk_ghost_arena, nicolae_volcano_entry_s_turn,
          lemuel_fruit_tree, grunt_megastairs_5
Lair:4:   swamp_mist, minmay_snake_entry_spellcaster
Lair:5:   minmay_slime_entry_oklob_enclosed, basic_altar,
          minmay_another_anthill, uniq_rupert
Lair:6:   cheibrodos_lair_end_hotspot
Swamp:1:  evilmike_swamp_ruin_house_3
Swamp:2:  hangedman_swamp_cone, nicolae_swamp_orc_logging_accident, swamp_pool1,
          uniq_frances
Swamp:3:  serial_swamp_ruin, evilmike_swamp_ruin_house_5,
          evilmike_swamp_ruin_house_4, swamp_pool4, infiniplex_staircase_pool
Swamp:4:  swamp_old_school, swamp_pool5
Snake:1:  minmay_shoptagon
Snake:2:  serial_shops, shop
Snake:4:  grunt_snake_rune_spirals
Orc:1:    serial_shops, nicolae_shop_stone, minmay_shop_mayhem
Orc:2:    st_orc_ogre_mass, rock_pile, uniq_josephine
Elf:1:    serial_shops, nicolae_shop_window_shopping,
          kennysheep_underground_church, uniq_roxanne, uniq_asterion,
          uniq_donald
Elf:2:    serial_shops, freezing_bzr,
          ploomutoo_gammafunk_ghost_potion_laboratory, minmay_shop_grove
Elf:3:    minmay_elf_hall_statues, ploomutoo_gammafunk_ghost_potion_laboratory,
          hangedman_elf_disciples, uniq_louise
Vaults:1: nicolae_vaults_puzzle_piece, v_pattern_2, vaults_room_large_hall,
          nicolae_vaults_circle_grid_a, hangedman_vaults_capsules,
          nicolae_vaults_network_barrier, hangedman_vaults_variations,
          nicolae_vaults_little_squares_4, vaults_room_fancy_cross,
          nicolae_vaults_asterisk, vaults_standard_mumra_lines,
          grunt_vaults_hallway_short
Vaults:2: ontoclasm_vaults_ligature, hangedman_vaults_restitches,
          grunt_vaults_hallway_short, minmay_crypt_entry_simple_round,
          v_misc_11, ontoclasm_vaults_ring_small
Vaults:3: ontoclasm_vaults_shout, hangedman_vaults_impose, vaults_room_hallway,
          vaults_dpeg_spiral, v_misc_2, v_pattern_5, vaults_mumra_hex,
          nicolae_vaults_back_hallway, hangedman_vaults_slither,
          nicolae_vaults_border_crossing, nicolae_vaults_shelves_hall,
          v_misc_10, hangedman_vaults_stretched_pinwheel, serial_shops,
          nicolae_shop_stone
Vaults:4: v_misc_24, ontoclasm_vaults_ring_small, v_misc_17, v_alt_pattern_1,
          vaults_mumra_chevron_long, nicolae_vaults_theta, vaults_room_pools,
          v_misc_30, nicolae_vaults_display_case, uniq_sojobo
Crypt:1:  st_burial_chamber, grunt_crypt_arrival_split
Depths:1: marbit_kobold_abyss_entry, minmay_fountain_box, pan_entry, hell_entry,
          kennysheep_donut, minislime_mu, minmay_shop_star,
          serial_bayou_shore_a, uniq_enchantress
Depths:2: gammafunk_mikee_crab_dinner, enter_ziggurat_c,
          infiniplex_staircase_diamond, hell_entry
Depths:3: minmay_skeleton_keep, pan_entry, grunt_metal_band,
          roderic_lattice_octagonal_star, minmay_misc_feat_hallway,
          hangedman_feature_mirror, minmay_misc_feat_columns, water_boxes_lemuel
Depths:4: minmay_the_grid_octo_2x2, hell_entry, ebering_ghost_reflecting_pool,
          tso_altar, abyss_entry_flame_altar, infiniplex_staircase_zigzag_3
Depths:5: grunt_bruiser_brothers, hell_entry, serial_shops,
          nicolae_shop_crystal, ebering_ghost_gozag, lemuel_flame_loot_1
Zot:1:    minmay_elemental_castle, guppyfry_library_mini
Zot:2:    chequers_guarded_unrand_mask_of_the_dragon, lemuel_elevator
Zot:5:    bh_zot_levy_curve
Bazaar:   bazaar_short_row
Ossuary:  ossuary_tomb_1
IceCv:    ice_cave_statue_garden_chambered
Volcano:  volcano_tomb

Skill      XL: |  1  2  3  4  5  6  7  8  9 10 11 12 13 14 15 16 17 18 19 20 21 22 23 24 25 26 27 |
---------------+----------------------------------------------------------------------------------+-----
Earth Magic    | 3 4 5 6 7 9 11 12 14 15 17 18 20 21 23 25 | 25.4
Spellcasting   | 3 4 5 6 7 9 10 11 12 13 14 15 16 17 18 20 22 24 26 27 | 27.0
Shields        | 3 4 |  4.0
Dodging        | 4 9 12 15 | 15.0
Fighting       | 7 11 12 14 15 | 15.0
Stealth        | 4 |  4.0
Evocations     | 1 2 |  2.0
Staves         | 11 12 | 12.0
Charms         | 3 |  3.0
Air Magic      | 3 |  3.0
Transmutations | |  0.8

Action                   |  1- 3 |  4- 6 |  7- 9 | 10-12 | 13-15 | 16-18 | 19-21 | 22-24 | 25-27 || total
-------------------------+-------+-------+-------+-------+-------+-------+-------+-------+-------++-------
Melee: Unarmed           |    36 |     5 |       |       |       |       |       |       |       ||    41
       Hand axe          |    23 |       |       |       |       |       |       |       |       ||    23
       Dagger            |   176 |    33 |       |       |       |       |       |       |       ||   209
       Staff             |       |       |   189 |    73 |     3 |     5 |    40 |    21 |    68 ||   399
       Headbutt          |       |       |       |       |       |     1 |    25 |     5 |     9 ||    40
       Kick              |       |       |       |       |       |       |    29 |     5 |    24 ||    58
       Rapier            |       |       |       |       |       |       |    20 |       |       ||    20
 Cast: Sandblast         |    16 |    14 |    11 |    72 |   326 |       |     9 |     3 |       ||   451
       Passwall          |     7 |     1 |     2 |     4 |     1 |       |     1 |       |     1 ||    17
       Lee's Rapid Decon |       |     4 |    20 |    34 |   143 |    74 |    90 |   200 |    14 ||   579
       Stone Arrow       |       |     2 |    98 |   197 |    26 |       |       |     1 |       ||   324
       Swiftness         |       |     1 |       |       |       |       |       |       |       ||     1
       Bolt of Magma     |       |       |       |     5 |       |       |       |       |       ||     5
       Iron Shot         |       |       |       |       |    55 |    36 |   181 |    95 |   315 ||   682
       Petrify           |       |       |       |       |    10 |       |       |       |       ||    10
       Borgnjor's Vile C |       |       |       |       |     1 |     2 |     8 |     3 |       ||    14
       Shatter           |       |       |       |       |       |    51 |   125 |    78 |    44 ||   298
       Deflect Missiles  |       |       |       |       |       |       |       |     1 |     5 ||     6
       Blink             |       |       |       |       |       |       |       |       |     2 ||     2
Evoke: Wand              |       |       |       |       |     6 |       |       |       |       ||     6
       Fan of gales      |       |       |       |       |     1 |       |       |       |       ||     1
  Use: Scroll            |       |    13 |     1 |    13 |    10 |     3 |     4 |     3 |     1 ||    48
       Potion            |       |     1 |       |       |    12 |     4 |     4 |     1 |     1 ||    23
 Stab: Sleeping          |     3 |       |     2 |       |       |       |     1 |       |       ||     6
       Distracted        |       |       |       |       |       |       |       |     1 |       ||     1
  Eat: Chunk             |     3 |     4 |    22 |    18 |    32 |     9 |    66 |    37 |    12 ||   203
       Ration            |     1 |     1 |     1 |     3 |     6 |    16 |    14 |     5 |     6 ||    53
Armor: Robe              |    66 |    11 |    76 |       |    11 |    24 |    37 |    10 |    25 ||   260
       Skin              |       |     3 |       |       |       |       |       |       |       ||     3
       Troll leather arm |       |       |       |    41 |    51 |       |       |       |       ||    92
Dodge: Dodged            |   156 |    41 |   169 |    59 |    77 |    47 |   235 |    84 |   101 ||   969
       Deflected         |       |       |       |       |       |       |       |     2 |    34 ||    36
Block: Buckler           |       |       |       |    26 |    31 |    29 |    98 |    44 |    22 ||   250
       Reflection        |       |       |       |       |     5 |       |       |       |       ||     5

Table legend:
 A = Non-vault XP
 B = Vault XP
 C = Vault XP percentage of total XP
 D = Non-vault monster count
 E = Vault monster count
 F = Vault count percentage of total count
                 A         B        C        D         E       F
            +---------+---------+-------+---------+---------+-------
      Total |  855626 |  719962 |  45.7 |    1405 |     861 |  38.0
            +---------+---------+-------+---------+---------+-------
        D:1 |      31 |       0 |   0.0 |      20 |       0 |   0.0
        D:2 |      25 |       0 |   0.0 |       9 |       0 |   0.0
        D:3 |     110 |      35 |  24.1 |      18 |       1 |   5.3
        D:4 |     335 |       0 |   0.0 |      14 |       0 |   0.0
        D:5 |     681 |      39 |   5.4 |      13 |       1 |   7.1
        D:6 |     937 |       0 |   0.0 |      22 |       0 |   0.0
        D:7 |     289 |     507 |  63.7 |      12 |       1 |   7.7
        D:8 |    1260 |     632 |  33.4 |      26 |      10 |  27.8
        D:9 |    1690 |       0 |   0.0 |      36 |       0 |   0.0
       D:10 |    3465 |     450 |  11.5 |      25 |       2 |   7.4
       D:11 |    1628 |    1298 |  44.4 |      15 |       9 |  37.5
       D:12 |    6880 |       0 |   0.0 |      34 |       0 |   0.0
       D:13 |    7043 |    4757 |  40.3 |      20 |       7 |  25.9
       D:14 |    2242 |       0 |   0.0 |       9 |       0 |   0.0
       D:15 |   11579 |    4779 |  29.2 |      40 |       5 |  11.1
     Temple |       2 |       0 |   0.0 |       1 |       0 |   0.0
     Lair:1 |    3707 |    1456 |  28.2 |      17 |       8 |  32.0
     Lair:2 |    4352 |    1472 |  25.3 |      20 |       4 |  16.7
     Lair:3 |    2844 |       0 |   0.0 |      15 |       0 |   0.0
     Lair:4 |    5109 |     478 |   8.6 |      23 |       1 |   4.2
     Lair:5 |    3133 |    9666 |  75.5 |      16 |      32 |  66.7
     Lair:6 |    7318 |    6909 |  48.6 |      26 |      28 |  51.9
    Swamp:1 |   12768 |       0 |   0.0 |      31 |       0 |   0.0
    Swamp:2 |   18100 |    2083 |  10.3 |      47 |       1 |   2.1
    Swamp:3 |    5905 |       0 |   0.0 |      20 |       0 |   0.0
    Swamp:4 |   12487 |   18285 |  59.4 |      34 |      24 |  41.4
    Snake:1 |    8642 |       0 |   0.0 |      18 |       0 |   0.0
    Snake:2 |   10501 |       0 |   0.0 |      21 |       0 |   0.0
    Snake:3 |    8577 |       0 |   0.0 |      14 |       0 |   0.0
    Snake:4 |   22129 |   65266 |  74.7 |      36 |      91 |  71.7
      Orc:1 |    2473 |       0 |   0.0 |      33 |       0 |   0.0
      Orc:2 |    2105 |   18785 |  89.9 |      26 |      46 |  63.9
      Elf:1 |   11411 |   10546 |  48.0 |      19 |       9 |  32.1
      Elf:2 |   27690 |   44354 |  61.6 |      51 |      55 |  51.9
      Elf:3 |   21781 |   67732 |  75.7 |      40 |      63 |  61.2
   Vaults:1 |   27283 |   19165 |  41.3 |      40 |      28 |  41.2
   Vaults:2 |   27905 |    6389 |  18.6 |      51 |      13 |  20.3
   Vaults:3 |   31135 |   43959 |  58.5 |      41 |      61 |  59.8
   Vaults:4 |   36348 |   19010 |  34.3 |      47 |      14 |  23.0
   Vaults:5 |    6999 |  139025 |  95.2 |      13 |      96 |  88.1
   Depths:1 |   29769 |   16546 |  35.7 |      47 |      26 |  35.6
   Depths:2 |   44592 |    7362 |  14.2 |      52 |      14 |  21.2
   Depths:3 |   42061 |   40376 |  49.0 |      54 |      60 |  52.6
   Depths:4 |   18555 |   44001 |  70.3 |      21 |      23 |  52.3
   Depths:5 |   66055 |   31535 |  32.3 |      57 |      22 |  27.8
      Zot:1 |   42752 |   41400 |  49.2 |      28 |      22 |  44.0
      Zot:2 |   24205 |     490 |   2.0 |      12 |       1 |   7.7
      Zot:3 |  101634 |       0 |   0.0 |      53 |       0 |   0.0
      Zot:4 |   95902 |       0 |   0.0 |      53 |       0 |   0.0
      Zot:5 |   31202 |   42365 |  57.6 |      15 |      12 |  44.4
    Ossuary |       0 |     343 | 100.0 |       0 |      39 | 100.0
      IceCv |       0 |    2833 | 100.0 |       0 |      11 | 100.0
    Volcano |       0 |    5634 | 100.0 |       0 |      21 | 100.0
            +---------+---------+-------+---------+---------+-------
